 Dungeon Crawl Stone Soup version 0.29.1-2-gbd0b4ee654 (webtiles) character file.

Game seed: 6359281604652050165

16 Firos the Trooper (level 2, 0/27 HPs)
             Began as a Hill Orc Monk on Nov 7, 2022.
             Slain by an adder (4 damage)
             ... on level 2 of the Dungeon.
             The game lasted 00:01:08 (880 turns).

Firos the Trooper (Hill Orc Monk)                    Turns: 880, Time: 00:01:09

Health: 0/27       AC:  3    Str: 13    XL:     2   Next: 54%
Magic:  2/2        EV: 12    Int: 10    God:
Gold:   18         SH:  0    Dex: 13    Spells: 1/1 levels left

rFire   . . .      SeeInvis .   a - +0 spear
rCold   . . .      Faith    +   (no shield)
rNeg    . . .      Spirit   .   e - +0 leather armour
rPois   .          Reflect  .   (no helmet)
rElec   .          Harm     .   (no cloak)
rCorr   .          Rampage  .   (no gloves)
Will    .....                   (no boots)
Stlth   ++........              i - amulet of faith
HPRegen 0.09/turn               (no ring)
MPRegen 0.08/turn               (no ring)

@: no status effects
A: no striking features
a: no special abilities


You were on level 2 of the Dungeon.
You visited 1 branch of the dungeon, and saw 2 of its levels.

You collected 95 gold pieces.
You spent 77 gold pieces at shops.

Inventory:

Hand Weapons
 a - a +0 spear (weapon)
Armour
 e - a +0 leather armour (worn)
Jewellery
 i - an amulet of faith (around neck)
Scrolls
 b - 3 scrolls of identify {unknown}
 d - a scroll of vulnerability {unknown}
 f - a scroll of enchant armour {unknown}
 h - a scroll of immolation {unknown}
Potions
 c - 2 potions of ambrosia
 g - 2 potions of berserk rage {unknown}
 j - 2 potions of mutation {unknown}
 k - a potion of might


   Skills:
 + Level 3.9 Fighting
 * Level 3.7 Polearms
 + Level 0.8 Armour
 - Level 2.4 Dodging
 - Level 1.6 Stealth


You had one spell level left.
You didn't know any spells.
Your spell library contained the following spells:

 Spells                   Type           Power      Damage    Failure   Level
 Dazzling Flash           Conj/Hex       0%         N/A       82%         3
 Summon Guardian Golem    Hex/Summ       0%         N/A       82%         3
 Iskenderun's Mystic Bla  Conj/Tloc      0%         2d3       99%         4
 Starburst                Conj/Fire      0%         6d3       100%        6
 Orb of Destruction       Conj           0%         9d5       100%        7
 Spellforged Servitor     Conj/Summ      0%         N/A       100%        7


Dungeon Overview and Level Annotations

Branches:
Dungeon (2/15)

Altars:

Shops:
D:2 !


Message History

You closely miss the adder.
You feel sick. The adder bites you. The adder barely misses you.
You closely miss the adder.
You feel sick. The adder barely misses you.
You closely miss the adder.
You feel sick.
You are no longer poisoned.
The adder misses you.
You barely miss the adder. The adder closely misses you.
You hit the adder.
The adder is lightly wounded.
The adder barely misses you.
You closely miss the adder.
The adder is lightly wounded.
The adder barely misses you.
You hit the adder.
The adder is severely wounded.
The adder bites you. The adder bites you but does no damage.
You hit the adder.
The adder is almost dead.
The adder bites you.
You are poisoned.
The adder poisons you!
You closely miss the adder.
The adder is almost dead.
You feel sick. The adder bites you.
* * * LOW HITPOINT WARNING * * *
You are lethally poisoned!
The adder poisons you!
You miss the adder.
The adder is almost dead.
* * * LOW HITPOINT WARNING * * *
You feel sick. The adder misses you.
You closely miss the adder.
The adder is almost dead.
* * * LOW HITPOINT WARNING * * *
You feel sick. The adder bites you.
* * * LOW HITPOINT WARNING * * *
You feel better. The adder bites you.
* * * LOW HITPOINT WARNING * * *
The adder bites you.
You die...

#....#. . #.....
#... #....
###$..#+##...#
#..............
#.............
#.........#.S#
#.........#!@#
###....>....#..#
#.......##.....###
#.......##..........
#......8...#...#####
#......<...#.#..##
#....8.∩.8....<..+
#........#....#.##
#......8.#......#


You could see an adder.

Vanquished Creatures
  2 dart slugs (D:1)
  4 ball pythons (D:1)
  2 goblins (D:1)
  A kobold (D:1)
  A bat (D:1)
  A frilled lizard (D:1)
  A rat (D:1)
12 creatures vanquished.

Notes
Turn   | Place    | Note
-------+----------+-------------------------------------------
     0 | D:1      | Firos the Hill Orc Monk began the quest for the Orb.
     0 | D:1      | Reached XP level 1. HP: 19/19 MP: 1/1
   346 | D:1      | Reached XP level 2. HP: 27/27 MP: 2/2
   431 | D:1      | Found a faded altar of an unknown god.
   835 | D:2      | Found Levyuliciu's Distillery.
   844 | D:2      | Bought a potion of might for 44 gold pieces
   844 | D:2      | Bought a potion of curing for 33 gold pieces
   879 | D:2      | HP: 1/27 [adder (3)]
   880 | D:2      | Slain by an adder

Illustrated notes

Levels and vault maps discovered:
D:1:      sevenhm_arrival_forest_fort_small_3, layout_loops_ring,
          hellmonk_ecumenical_altar_heavens_door, corner_web_ring,
          wad_floor_pattern_1, minmay_misc_feat_chi, st_stairs_1,
          dk_noncrumbling_3
D:2:      wad_river_or_something, layout_basic, basic_altar, serial_shops,
          nicolae_shop_statue_plus, columned_hall_lemuel, corexii_shack,
          uniq_jessica

Action                   || total
-------------------------++-------
Melee: Spear             ||    52
       Punch             ||     2
  Use: Potion            ||     1
Armor: Leather armour    ||     5
Dodge: Dodged            ||    20
